[ AOE2 MATCH · #458270708 ]
UnrankedLithuanians vs Chinese
Player's team · LOSS
Rival team · WIN
[ REPLAY ANALYSIS · EXTRACTED FROM THE RECORDED GAME ]
Feudal
10:33
Castle
24:40
Imperial
42:01
| APM avg | 25.4 |
| APM peak | 96 |
| eAPM avg | 19.7 |
| Villagers / military | 146 / 200 |
Focus
⚔️ 33.5% · 🌾 66.5%
Scout Cavalry ×101 · Leitis ×49 · Knight ×26 · Mangonel ×13 · Militia ×5 · Spearman ×5
Feudal
10:38
Castle
27:53
Imperial
44:57
| APM avg | 27.6 |
| APM peak | 74 |
| eAPM avg | 15.8 |
| Villagers / military | 164 / 218 |
Focus
⚔️ 32.4% · 🌾 67.6%
Spearman ×124 · Archer ×74 · Skirmisher ×9 · Trebuchet (Packed) ×8 · Monk ×3
Match map
Initial resources + every placement click. Lines = walls · curves = elevation contours. ◆ gold · ⬟ stone · ● berries · ✦ relic · ◌ wall gap
Your base· Open — 7t gap
Ranger Doge's base· Open — unwalled flank
Smoothed initial terrain · ◌ = detected wall gap · hover for details
Inputs per minute
— Slacker Gaming - - Ranger Doge
Build order — Slacker Gaming
First 150 of 516 actions detected
| 0:01 | Create | Villager (Male) |
| 0:01 | Create | Villager (Male) |
| 0:01 | Create | Villager (Male) |
| 0:02 | Build | House |
| 0:05 | Build | House |
| 0:19 | Create | Villager (Male) |
| 0:19 | Create | Villager (Male) |
| 0:19 | Create | Villager (Male) |
| 1:30 | Create | Villager (Male) |
| 1:45 | Build | Lumber Camp |
| 2:02 | Create | Villager (Male) |
| 2:02 | Create | Villager (Male) |
| 2:22 | Create | Villager (Male) |
| 2:22 | Create | Villager (Male) |
| 3:02 | Create | Villager (Male) |
| 3:25 | Create | Villager (Male) |
| 3:59 | Build | House |
| 4:00 | Build | House |
| 4:05 | Create | Villager (Male) |
| 4:21 | Build | Mill |
| 5:00 | Create | Villager (Male) |
| 5:00 | Create | Villager (Male) |
| 5:00 | Create | Villager (Male) |
| 6:10 | Create | Villager (Male) |
| 6:26 | Build | Mining Camp |
| 6:32 | Create | Villager (Male) |
| 7:08 | Create | Villager (Male) |
| 7:46 | Create | Villager (Male) |
| 8:15 | Build | Barracks |
| 8:17 | Build | House |
| 8:23 | Research | Feudal Age |
| 9:00 | Create | Villager (Male) |
| 9:28 | Create | Militia |
| 9:29 | Create | Militia |
| 9:32 | Create | Militia |
| 9:41 | Build | House |
| 10:12 | Create | Villager (Male) |
| 10:30 | Create | Villager (Male) |
| 10:33 | Age | Feudal Age |
| 10:35 | Research | Man-at-Arms (upgrade) |
| 10:37 | Create | Militia |
| 10:41 | Research | Horse Collar |
| 10:52 | Build | Farm |
| 11:05 | Research | Double-Bit Axe |
| 11:37 | Create | Villager (Male) |
| 11:51 | Create | Villager (Male) |
| 11:58 | Build | Farm |
| 12:02 | Build | Farm |
| 12:05 | Build | Farm |
| 12:07 | Build | Farm |
| 12:54 | Create | Villager (Male) |
| 12:59 | Create | Militia |
| 13:25 | Create | Villager (Male) |
| 13:26 | Create | Villager (Male) |
| 13:29 | Build | Farm |
| 13:31 | Build | Farm |
| 13:31 | Build | Farm |
| 13:32 | Build | Farm |
| 13:33 | Build | Farm |
| 13:36 | Build | Farm |
| 13:57 | Create | Villager (Male) |
| 14:24 | Create | Villager (Male) |
| 14:28 | Build | Stable |
| 14:30 | Build | House |
| 14:40 | Create | Villager (Male) |
| 15:18 | Create | Villager (Male) |
| 15:31 | Build | Market |
| 15:44 | Create | Villager (Male) |
| 15:51 | Build | Blacksmith |
| 16:11 | Build | House |
| 16:15 | Build | Palisade Wall |
| 16:22 | Create | Villager (Male) |
| 16:48 | Create | Villager (Male) |
| 17:08 | Build | Watch Tower |
| 17:12 | Create | Villager (Male) |
| 17:21 | Research | Bloodlines |
| 17:22 | Create | Scout Cavalry |
| 17:22 | Create | Scout Cavalry |
| 17:33 | Create | Villager (Male) |
| 18:07 | Create | Scout Cavalry |
| 19:16 | Build | Farm |
| 19:18 | Build | Farm |
| 19:19 | Build | Farm |
| 19:24 | Build | Lumber Camp |
| 19:37 | Create | Villager (Male) |
| 20:19 | Create | Villager (Male) |
| 20:30 | Create | Villager (Male) |
| 21:06 | Create | Villager (Male) |
| 21:19 | Research | Scale Barding Armor |
| 21:20 | Research | Forging |
| 21:33 | Create | Villager (Male) |
| 21:56 | Research | Castle Age |
| 22:19 | Build | Farm |
| 22:22 | Build | Farm |
| 22:26 | Build | Farm |
| 22:46 | Build | House |
| 22:48 | Build | House |
| 22:52 | Build | Palisade Wall |
| 23:04 | Create | Villager (Male) |
| 23:50 | Build | Stable |
| 24:40 | Age | Castle Age |
| 24:43 | Research | Husbandry |
| 24:50 | Build | Town Center |
| 24:57 | Create | Villager (Male) |
| 25:04 | Research | Gold Mining |
| 25:05 | Research | Stone Mining |
| 25:10 | Research | Forging |
| 25:11 | Research | Scale Barding Armor |
| 25:22 | Create | Knight |
| 25:22 | Create | Knight |
| 25:34 | Create | Knight |
| 25:39 | Create | Villager (Male) |
| 25:39 | Create | Villager (Male) |
| 25:43 | Create | Villager (Male) |
| 26:10 | Research | Heavy Plow |
| 26:15 | Research | Bow Saw |
| 26:15 | Research | Bow Saw |
| 26:32 | Create | Villager (Male) |
| 26:39 | Build | Farm |
| 26:59 | Create | Villager (Male) |
| 27:00 | Create | Villager (Male) |
| 27:06 | Create | Villager (Male) |
| 27:08 | Create | Villager (Male) |
| 27:13 | Create | Villager (Male) |
| 27:13 | Create | Villager (Male) |
| 27:24 | Create | Knight |
| 27:46 | Create | Knight |
| 27:56 | Build | Farm |
| 28:01 | Build | Farm |
| 28:05 | Build | Farm |
| 28:11 | Build | Farm |
| 28:16 | Build | Farm |
| 28:18 | Build | Farm |
| 28:22 | Create | Villager (Male) |
| 28:22 | Create | Villager (Male) |
| 28:25 | Create | Villager (Male) |
| 28:27 | Create | Villager (Male) |
| 28:30 | Create | Knight |
| 28:30 | Create | Knight |
| 28:59 | Create | Villager (Male) |
| 29:01 | Create | Villager (Male) |
| 29:01 | Create | Villager (Male) |
| 29:09 | Create | Knight |
| 29:26 | Create | Villager (Male) |
| 29:26 | Create | Villager (Male) |
| 29:27 | Create | Villager (Male) |
| 29:28 | Create | Villager (Male) |
| 29:51 | Create | Villager (Male) |
| 29:54 | Create | Knight |
| 29:54 | Create | Knight |
Build order — Ranger Doge
First 150 of 455 actions detected
| 0:00 | Research | Loom |
| 0:03 | Build | House |
| 0:06 | Build | House |
| 1:05 | Create | Villager (Male) |
| 1:34 | Create | Villager (Male) |
| 2:00 | Create | Villager (Male) |
| 2:37 | Create | Villager (Male) |
| 2:41 | Create | Villager (Male) |
| 3:19 | Build | Lumber Camp |
| 3:24 | Create | Villager (Male) |
| 3:28 | Create | Villager (Male) |
| 4:07 | Create | Villager (Male) |
| 4:13 | Create | Villager (Male) |
| 4:40 | Create | Villager (Male) |
| 5:36 | Create | Villager (Male) |
| 5:36 | Create | Villager (Male) |
| 5:39 | Build | Mill |
| 6:06 | Create | Villager (Male) |
| 6:25 | Build | House |
| 6:26 | Build | House |
| 6:49 | Create | Villager (Male) |
| 6:49 | Create | Villager (Male) |
| 7:26 | Build | House |
| 7:34 | Build | Barracks |
| 7:49 | Build | Barracks |
| 7:52 | Create | Villager (Male) |
| 8:28 | Research | Feudal Age |
| 8:40 | Build | Lumber Camp |
| 9:18 | Build | Mining Camp |
| 10:19 | Create | Villager (Male) |
| 10:19 | Create | Villager (Male) |
| 10:38 | Age | Feudal Age |
| 10:41 | Build | Archery Range |
| 10:52 | Create | Villager (Male) |
| 10:52 | Create | Villager (Male) |
| 11:02 | Build | Farm |
| 11:02 | Build | Farm |
| 11:17 | Build | Blacksmith |
| 11:33 | Create | Archer |
| 11:33 | Create | Archer |
| 11:33 | Create | Archer |
| 11:38 | Create | Spearman |
| 12:01 | Research | Double-Bit Axe |
| 12:34 | Create | Skirmisher |
| 12:52 | Create | Skirmisher |
| 12:55 | Create | Spearman |
| 12:57 | Create | Villager (Male) |
| 12:58 | Create | Villager (Male) |
| 13:10 | Create | Skirmisher |
| 13:47 | Create | Skirmisher |
| 13:47 | Create | Skirmisher |
| 13:50 | Create | Archer |
| 13:50 | Create | Archer |
| 13:51 | Create | Archer |
| 13:52 | Create | Spearman |
| 13:52 | Create | Spearman |
| 14:23 | Create | Villager (Male) |
| 14:23 | Create | Villager (Male) |
| 14:41 | Create | Archer |
| 14:42 | Create | Archer |
| 14:42 | Create | Archer |
| 14:49 | Build | Archery Range |
| 14:50 | Build | Archery Range |
| 15:15 | Build | Farm |
| 15:15 | Build | Farm |
| 15:23 | Create | Villager (Male) |
| 15:24 | Create | Villager (Male) |
| 15:24 | Create | Villager (Male) |
| 15:52 | Create | Archer |
| 15:52 | Create | Archer |
| 15:53 | Create | Archer |
| 15:55 | Create | Archer |
| 16:01 | Build | House |
| 16:03 | Build | House |
| 16:04 | Build | House |
| 16:49 | Build | Farm |
| 16:49 | Build | Farm |
| 16:49 | Build | Farm |
| 16:49 | Build | Farm |
| 16:50 | Build | Farm |
| 16:51 | Build | Farm |
| 16:53 | Build | Farm |
| 18:13 | Create | Villager (Male) |
| 18:14 | Create | Villager (Male) |
| 18:14 | Create | Villager (Male) |
| 18:47 | Build | Farm |
| 18:48 | Create | Villager (Male) |
| 18:48 | Create | Villager (Male) |
| 18:51 | Build | Farm |
| 19:18 | Build | Farm |
| 19:18 | Create | Villager (Male) |
| 19:28 | Build | Farm |
| 19:29 | Build | Farm |
| 19:29 | Build | Farm |
| 19:29 | Build | Farm |
| 19:29 | Build | Farm |
| 19:30 | Build | Farm |
| 19:32 | Build | Farm |
| 19:33 | Build | Farm |
| 20:19 | Create | Villager (Male) |
| 20:19 | Create | Villager (Male) |
| 20:21 | Research | Wheelbarrow |
| 20:34 | Create | Spearman |
| 20:35 | Create | Spearman |
| 20:35 | Create | Spearman |
| 20:59 | Build | Barracks |
| 21:07 | Build | Lumber Camp |
| 21:34 | Create | Villager (Male) |
| 21:45 | Research | Fletching |
| 21:49 | Research | Padded Archer Armor |
| 21:49 | Research | Scale Mail Armor |
| 21:57 | Research | Gold Mining |
| 22:12 | Build | Mining Camp |
| 22:20 | Create | Villager (Male) |
| 22:35 | Create | Spearman |
| 22:35 | Create | Spearman |
| 22:42 | Create | Villager (Male) |
| 23:07 | Create | Villager (Male) |
| 23:21 | Create | Archer |
| 23:22 | Create | Archer |
| 23:23 | Create | Archer |
| 23:23 | Create | Archer |
| 23:23 | Create | Archer |
| 23:24 | Create | Archer |
| 23:26 | Create | Archer |
| 23:26 | Create | Archer |
| 23:28 | Create | Archer |
| 23:39 | Create | Villager (Male) |
| 23:41 | Create | Villager (Male) |
| 23:55 | Build | Palisade Gate |
| 24:01 | Build | House |
| 24:03 | Build | House |
| 24:11 | Research | Stone Mining |
| 24:26 | Create | Villager (Male) |
| 24:28 | Research | Horse Collar |
| 24:36 | Create | Villager (Male) |
| 24:43 | Build | House |
| 24:46 | Build | House |
| 24:51 | Build | House |
| 25:05 | Build | House |
| 25:13 | Research | Castle Age |
| 25:23 | Create | Spearman |
| 25:23 | Create | Spearman |
| 25:40 | Create | Spearman |
| 25:41 | Create | Spearman |
| 26:25 | Build | Palisade Wall |
| 26:33 | Build | Palisade Wall |
| 26:34 | Build | Palisade Wall |
| 26:42 | Build | Palisade Wall |
| 26:46 | Build | Palisade Wall |
Match timeline
| 7:34 | Ranger Doge · first_building Barracks |
| 8:15 | Slacker Gaming · first_building Barracks |
| 10:33 | Slacker Gaming · age_up feudal |
| 10:38 | Ranger Doge · age_up feudal |
| 10:41 | Ranger Doge · first_building Archery Range |
| 14:28 | Slacker Gaming · first_building Stable |
| 16:15 | Slacker Gaming · wall_segment Palisade Wall x15 |
| 16:43 | Slacker Gaming · first_market_buy 100 food |
| 21:44 | Slacker Gaming · first_market_sell 100 wood |
| 22:52 | Slacker Gaming · wall_segment Palisade Wall x1 |
| 24:40 | Slacker Gaming · age_up castle |
| 26:25 | Ranger Doge · wall_segment Palisade Wall x1 |
| 26:33 | Ranger Doge · wall_segment Palisade Wall x5 |
| 26:34 | Ranger Doge · wall_segment Palisade Wall x1 |
| 26:42 | Ranger Doge · wall_segment Palisade Wall x1 |
| 26:46 | Ranger Doge · wall_segment Palisade Wall x1 |
| 26:53 | Ranger Doge · wall_segment Palisade Wall x1 |
| 26:54 | Ranger Doge · wall_segment Palisade Wall x1 |
| 26:54 | Ranger Doge · wall_segment Palisade Wall x1 |
| 26:55 | Ranger Doge · wall_segment Palisade Wall x1 |
| 26:56 | Ranger Doge · wall_segment Palisade Wall x1 |
| 26:57 | Ranger Doge · wall_segment Palisade Wall x1 |
| 27:53 | Ranger Doge · age_up castle |
| 31:13 | Slacker Gaming · first_building Castle |
| 32:32 | Slacker Gaming · first_building Siege Workshop |
| 39:17 | Ranger Doge · first_building Castle |
| 39:38 | Ranger Doge · first_building Monastery |
| 41:51 | Slacker Gaming · first_building Monastery |
| 42:01 | Slacker Gaming · age_up imperial |
| 44:57 | Ranger Doge · age_up imperial |
| 45:43 | Ranger Doge · first_market_sell 100 wood |
| 64:46 | Slacker Gaming · resign |
[ AI ANALYSIS · 1 CREDIT ]
What really happened in this match?
Wolo.gg analyzes every decision: build order, eco, micro, common mistakes by bracket. Personalized analysis on WhatsApp or Discord in 30 seconds.
Civ guide
Lithuanians
Perfil
Jugador #1694972